[Event "FIDE Zonal 2.5 Open 2019"]
[Site "Montevideo"]
[Date "2019.04.18"]
[Round "8.22"]
[White "Pena Canapa, Alfredo"]
[Black "Lanaro, Emilio"]
[Result "1-0"]
[ECO "E71"]
[WhiteElo "1811"]
[BlackElo "1694"]
[Annotator "NA"]
[PlyCount "105"]
[EventDate "2019.04.13"]
[EventType "swiss"]
[EventCountry "URU"]
[SourceTitle "playchess.com"]
[Source "ChessBase"]
[SourceQuality "1"]
[TimeControl "40/5400+30:1800+30"]

1. d4 Nf6 2. c4 g6 3. Nc3 Bg7 4. e4 d6 5. h3 O-O 6. Be3 e5 7. d5 Nbd7 8. Be2 {[%emt 0:07:10] E71: King's Indian: 4 e4 d6 5 h3} (8. Bd3 Nc5 9. Bc2 a5 10. Qd2 Bd7 11. Nge2 c6 12. O-O cxd5 13. exd5 b6 14. Rae1 Nh5 15. g4 Nf6 16. Ng3 h5 {½-½ (57) Salem,A (2638)-Amonatov,F (2636) Riadh 2017}) 8... Nc5 9. Bf3 a5 10. g4 Bd7 11. Nge2 Ne8 12. Ng3 c6 $146 ({Predecessor:} 12... Rb8 13. Qe2 Qh4 14. Qd2 Qe7 15. Be2 Ra8 16. h4 c6 17. h5 Nc7 18. Bxc5 {1-0 (18) Istvanovszky,K (2263)-Rozsa,S (2119) Balatonlelle 2002}) 13. Qd2 cxd5 14. cxd5 b5 15. Rc1 b4 16. Nce2 Rc8 17. Kf1 b3 18. a3 a4 19. Nc3 Qa5 20. Be2 f5 21. gxf5 gxf5 22. exf5 Nf6 23. Bh6 Rf7 24. Rg1 Qd8 25. Nh5 Ne8 26. f6 Bxh3+ 27. Ke1 Rxf6 28. Nxf6+ $2 ({And not} 28. Rxg7+ Nxg7 29. Nxf6+ (29. Nxg7 $2 Rxf2 30. Ne6 Nxe6 $19) (29. Bxg7 Rg6 $17) 29... Qxf6 $15) (28. Bxg7 Nxg7 29. Rxg7+ Kh8 30. Qg5) 28... Qxf6 29. Bxg7 (29. Bb5 $142) 29... Nxg7 30. Qg5 Ne4 31. Qxf6 Nxf6 32. Kd2 Bd7 33. Bd3 Kf7 34. Ne4 Rxc1 35. Rxc1 (35. Nxd6+ $142 Ke7 36. Kxc1) 35... Nxd5 $2 (35... Nge8 $16 36. f3 Ke7) 36. Nxd6+ Ke7 37. Nc4 h5 38. Nxe5 Be8 39. Bg6 Bxg6 40. Nxg6+ Kf6 41. Nh4 Kg5 42. Rc4 Nf5 43. Nf3+ Kg6 44. Rxa4 Nf6 45. Ra6 h4 46. Ke1 Kf7 $18 47. Rb6 Ne4 48. Rxb3 Nc5 49. Rb5 Nd3+ 50. Kd2 Nxf2 51. Rxf5+ Ke6 52. Nxh4 Kd6 53. Rxf2 1-0

[Event "FIDE Zonal 2.5 Open 2019"]
[Site "Montevideo"]
[Date "2019.04.18"]
[Round "8.23"]
[White "Barreto Filho, Carlos Alberto"]
[Black "Manteiga, Franco"]
[Result "0-1"]
[ECO "D02"]
[WhiteElo "2293"]
[BlackElo "1684"]
[Annotator "NA"]
[PlyCount "66"]
[EventDate "2019.04.13"]
[EventType "swiss"]
[EventCountry "URU"]
[SourceTitle "playchess.com"]
[Source "ChessBase"]
[SourceQuality "1"]
[TimeControl "40/5400+30:1800+30"]

1. d4 Nf6 2. Nf3 d5 3. Bf4 c5 4. e3 Nc6 5. c3 Qb6 6. Na3 {[%emt 0:11:18] D02: 1 d4 d5 2 Nf3 sidelines, including 2...Nf6 3 g3 and 2...Nf6 3 Bf4} (6. Qc2 g6 7. Nbd2 Bg7 8. h3 O-O 9. Be2 Nd7 10. O-O e5 11. dxe5 Ndxe5 12. Nxe5 Nxe5 13. e4 dxe4 14. Nxe4 {½-½ (23) Laznicka,V (2668)-Nisipeanu,L (2674) Germany 2019}) 6... c4 7. Qc1 Bf5 8. b3 cxb3 9. axb3 Rc8 10. Bb5 e6 $146 ({Predecessor:} 10... a6 11. Ba4 Qd8 12. c4 dxc4 13. Bxc6+ Rxc6 14. bxc4 e6 15. O-O Be7 16. Ne5 Rc8 {½-½ (16) Fernandez,J (2265)-Bertona,F (2405) Ezeiza 2000}) 11. Ne5 Bxa3 12. Bxc6+ Qxc6 13. Rxa3 Qxc3+ 14. Qxc3 Rxc3 15. O-O a6 16. h3 Ke7 17. Rfa1 Rhc8 18. Kh2 Rc2 19. R3a2 h6 20. Nf3 Ne4 21. g4 Bh7 22. Kg2 f6 23. Ne1 R2c3 24. Rb2 Nd6 25. Bxd6+ Kxd6 26. Kg3 e5 27. Rd1 Bc2 28. dxe5+ fxe5 29. Nxc2 Rxc2 30. Rxc2 Rxc2 31. e4 d4 32. f4 Rc3+ 33. Kh4 Rxb3 $19 0-1

[Event "FIDE Zonal 2.5 Open 2019"]
[Site "Montevideo"]
[Date "2019.04.18"]
[Round "8.24"]
[White "Palacio, Enzo"]
[Black "Romero, Robert"]
[Result "1-0"]
[ECO "B98"]
[WhiteElo "1745"]
[BlackElo "1599"]
[Annotator "NA"]
[PlyCount "51"]
[EventDate "2019.04.13"]
[EventType "swiss"]
[EventCountry "URU"]
[SourceTitle "playchess.com"]
[Source "ChessBase"]
[SourceQuality "1"]
[TimeControl "40/5400+30:1800+30"]

1. e4 c5 2. Nf3 d6 3. d4 cxd4 4. Nxd4 Nf6 5. Nc3 a6 6. Bg5 e6 7. f4 Be7 8. Qf3 Nc6 9. Nxc6 bxc6 10. e5 dxe5 11. fxe5 Nd5 12. Bxe7 Qxe7 13. O-O-O Qg5+ 14. Kb1 Qxe5 15. Bc4 O-O 16. Rhe1 Qxh2 17. Rh1 Nxc3+ 18. Qxc3 Qf4 19. Rd4 Qf6 20. Qd3 Qf5 21. Qg3 Qf6 22. Rdh4 Rd8 23. Bd3 Rd5 24. Rxh7 Kf8 25. Be4 Re5 26. Qa3+ 1-0

[Event "FIDE Zonal 2.5 Open 2019"]
[Site "Montevideo"]
[Date "2019.04.18"]
[Round "8.25"]
[White "Reolon, Victor"]
[Black "Campora, Edgardo"]
[Result "1-0"]
[ECO "A16"]
[WhiteElo "1659"]
[BlackElo "1705"]
[Annotator "NA"]
[PlyCount "59"]
[EventDate "2019.04.13"]
[EventType "swiss"]
[EventCountry "URU"]
[SourceTitle "playchess.com"]
[Source "ChessBase"]
[SourceQuality "1"]
[TimeControl "40/5400+30:1800+30"]

1. c4 Nf6 2. Nc3 g6 3. g3 Bg7 4. Bg2 O-O 5. d4 d6 6. e4 Nc6 7. Nge2 e5 8. d5 Na5 9. Qd3 c5 10. O-O a6 11. f4 exf4 12. gxf4 Ng4 13. h3 Nh6 14. b3 b5 15. Rb1 bxc4 16. bxc4 Qe8 17. f5 gxf5 18. exf5 Nxf5 19. Rxf5 Bxf5 20. Qxf5 Qe5 21. Qd3 f5 22. Bb2 Qe7 23. Nf4 Be5 24. Ne6 Rf6 25. Ne2 Rb8 26. Bxe5 Rxb1+ 27. Qxb1 dxe5 28. Qb8+ Kf7 29. Qh8 Kg6 30. Qg8+ 1-0

[Event "FIDE Zonal 2.5 Open 2019"]
[Site "Montevideo"]
[Date "2019.04.18"]
[Round "8.26"]
[White "Avedisian, Alexander"]
[Black "Prieto Perez, Rodrigo"]
[Result "1-0"]
[ECO "A00"]
[WhiteElo "1898"]
[BlackElo "2037"]
[Annotator "NA"]
[PlyCount "49"]
[EventDate "2019.04.13"]
[EventType "swiss"]
[EventCountry "URU"]
[SourceTitle "playchess.com"]
[Source "ChessBase"]
[SourceQuality "1"]
[TimeControl "40/5400+30:1800+30"]

1. g3 g6 2. Bg2 Bg7 3. Nf3 d6 4. O-O Nf6 5. c4 O-O 6. Nc3 e5 7. d4 Nbd7 8. dxe5 Nxe5 9. Nxe5 dxe5 10. Qc2 c6 11. e4 Be6 12. b3 Qc7 13. h3 Rad8 14. Be3 b5 15. Bc5 Rfe8 16. cxb5 cxb5 17. Nxb5 Qa5 18. Nd6 Re7 19. b4 Qa6 20. Rfd1 Red7 21. Bf1 Qc6 22. Bb5 Qc7 23. Bxd7 Nxd7 24. Kg2 Qc6 25. Rac1 1-0

[Event "FIDE Zonal 2.5 Open 2019"]
[Site "Montevideo"]
[Date "2019.04.18"]
[Round "8.27"]
[White "Ramirez Dominguez, Agustin"]
[Black "Fein, Jorge"]
[Result "1-0"]
[ECO "C68"]
[WhiteElo "1907"]
[BlackElo "1648"]
[Annotator "NA"]
[PlyCount "69"]
[EventDate "2019.04.13"]
[EventType "swiss"]
[EventCountry "URU"]
[SourceTitle "playchess.com"]
[Source "ChessBase"]
[SourceQuality "1"]
[TimeControl "40/5400+30:1800+30"]

1. e4 e5 2. Nf3 Nc6 3. Bb5 a6 4. Bxc6 dxc6 5. O-O Bg4 6. d3 Bc5 7. Be3 Bd6 8. Nbd2 b5 9. c3 Qf6 10. d4 Qe7 11. Qc2 f6 12. dxe5 fxe5 13. c4 Bc5 14. cxb5 Bxe3 15. Qxc6+ Kf7 16. Qxa8 Bxd2 17. Qd5+ Kf8 18. Nxd2 axb5 19. f4 Ke8 20. Qxb5+ Bd7 21. Qb8+ Kf7 22. fxe5+ Kg6 23. Qxc7 Kh6 24. a4 g6 25. a5 Kg7 26. a6 Nh6 27. a7 Rc8 28. Qxc8 Bxc8 29. a8=Q Qc5+ 30. Kh1 Qc2 31. Ra7+ Nf7 32. Qd5 Be6 33. Qxe6 Qxd2 34. Qxf7+ Kh6 35. Qf4+ 1-0

[Event "FIDE Zonal 2.5 Open 2019"]
[Site "Montevideo"]
[Date "2019.04.19"]
[Round "9.1"]
[White "Henriquez Villagra, Cristobal"]
[Black "Rodriguez Vila, Andres"]
[Result "1-0"]
[ECO "E71"]
[WhiteElo "2543"]
[BlackElo "2480"]
[Annotator "ChessBase"]
[PlyCount "99"]
[EventDate "2019.04.13"]
[EventType "swiss"]
[EventCountry "URU"]
[SourceTitle "playchess.com"]
[Source "ChessBase"]
[SourceQuality "1"]
[TimeControl "40/5400+30:1800+30"]

1. d4 Nf6 2. c4 g6 3. Nc3 Bg7 4. e4 d6 5. h3 Nbd7 6. Be3 e5 7. d5 Nc5 8. Qc2 O-O 9. g4 c6 10. Nge2 cxd5 11. cxd5 Qa5 12. Ng3 Bd7 13. Rb1 Na4 14. Qd2 Rfc8 15. Nb5 Qxd2+ 16. Kxd2 Bf8 17. g5 Ne8 18. Nxa7 Rcb8 19. Bb5 Nc5 20. Bxd7 Nxd7 21. Nb5 Be7 22. Ra1 Nc5 23. b4 Na4 24. Kc2 Ra6 25. Kb3 Bd8 26. Rhc1 Rba8 27. Rc2 Kf8 28. Rf1 Bb6 29. Bc1 Bd8 30. Ne2 Nb6 31. f4 exf4 32. Bxf4 Nd7 33. Nec3 Kg8 34. h4 f6 35. a4 fxg5 36. hxg5 Be7 37. Rcf2 Rc8 38. Nd4 Ng7 39. Ne6 Rb6 40. Be3 Nxe6 41. dxe6 Nc5+ 42. Ka3 Ra8 43. bxc5 dxc5 44. Nd5 Rxe6 45. Nxe7+ Rxe7 46. Bxc5 Ree8 47. e5 b5 48. Rf8+ Rxf8 49. Rxf8+ Rxf8 50. Bxf8 1-0

[Event "FIDE Zonal 2.5 Open 2019"]
[Site "Montevideo"]
[Date "2019.04.19"]
[Round "9.3"]
[White "Salinas Herrera, Pablo"]
[Black "Pichot, Alan"]
[Result "1/2-1/2"]
[ECO "E21"]
[WhiteElo "2483"]
[BlackElo "2566"]
[Annotator "RC"]
[PlyCount "118"]
[EventDate "2019.04.13"]
[EventType "swiss"]
[EventCountry "URU"]
[SourceTitle "playchess.com"]
[Source "ChessBase"]
[SourceQuality "1"]
[TimeControl "40/5400+30:1800+30"]

1. d4 Nf6 2. c4 e6 3. Nc3 Bb4 4. Nf3 b6 5. Bd2 Bb7 6. e3 O-O 7. Bd3 d6 8. O-O Nbd7 9. a3 Bxc3 10. Bxc3 Ne4 11. Be1 f5 12. Qe2 Qf6 13. Nd2 Ng5 14. f3 a5 15. Nb1 c5 16. Bf2 e5 17. h4 Nf7 18. d5 Nh8 19. Nc3 Ng6 20. g3 Ba6 21. Bc2 e4 22. f4 Ne7 23. g4 Qg6 24. g5 Nf6 25. h5 Qxh5 26. gxf6 Qxe2 27. Nxe2 Rxf6 28. b3 Rg6+ 29. Ng3 b5 30. Rfc1 bxc4 31. bxc4 Bxc4 32. Bxe4 fxe4 33. Rxc4 Nxd5 34. Rxe4 Rb8 35. Kf1 Rb2 36. f5 Rh6 37. Re6 Rh2 38. Bg1 Rh3 39. Ne2 Nf6 40. Rxd6 Rf3+ 41. Ke1 Rxf5 42. Rd2 Rf1+ 43. Kxf1 Rxd2 44. Rc1 Ra2 45. Rxc5 Rxa3 46. Kg2 a4 47. Kf3 Ra1 48. Ra5 a3 49. Bf2 h5 50. Nc3 Kf7 51. Nb5 g5 52. Rxa3 g4+ 53. Kg2 Rxa3 54. Nxa3 Ke6 55. Nb5 Kd5 56. Bh4 Ne4 57. Na3 Nd6 58. Nb1 Ke4 59. Bf2 Kd3 1/2-1/2

[Event "FIDE Zonal 2.5 Open 2019"]
[Site "Montevideo"]
[Date "2019.04.19"]
[Round "9.4"]
[White "Roselli Mailhe, Bernardo"]
[Black "Peralta, Fernando"]
[Result "1/2-1/2"]
[ECO "E11"]
[WhiteElo "2454"]
[BlackElo "2572"]
[Annotator "ChessBase"]
[PlyCount "110"]
[EventDate "2019.04.13"]
[EventType "swiss"]
[EventCountry "URU"]
[SourceTitle "playchess.com"]
[Source "ChessBase"]
[SourceQuality "1"]
[TimeControl "40/5400+30:1800+30"]

1. d4 Nf6 2. c4 e6 3. Nf3 Bb4+ 4. Nbd2 O-O 5. a3 Be7 6. e4 d6 7. Bd3 e5 8. d5 a5 9. b3 Na6 10. Bb2 Nh5 11. g3 g6 12. O-O Ng7 13. Ne1 Bh3 14. Ng2 f5 15. exf5 gxf5 16. f4 e4 17. Be2 Bf6 18. Qc2 c5 19. Rfd1 Bd4+ 20. Kh1 Qf6 21. Rab1 Bxg2+ 22. Kxg2 Nc7 23. Nf1 Rfb8 24. Bxd4 cxd4 25. Qb2 b5 26. Qxd4 Qxd4 27. Rxd4 b4 28. a4 Na6 29. Ne3 h5 30. Kf2 Nc5 31. Rdd1 Kf7 32. Rg1 Rh8 33. Ng2 Rh6 34. Ke3 Rah8 35. Ne1 Ne8 36. Nc2 Nf6 37. h3 Ng8 38. Nd4 Ne7 39. Rg2 Ke8 40. Rbg1 Kf7 41. Kd2 R8h7 42. Kc2 Kf6 43. Nb5 Nb7 44. Kd2 Rh8 45. Ke3 R6h7 46. Bd1 Rh6 47. Bc2 R6h7 48. Kd2 Rh6 49. Re1 R6h7 50. Ree2 Rg7 51. Re1 Rhg8 52. Re3 Ng6 53. Rf2 Ne7 54. Rg2 Ng6 55. Rf2 Ne7 1/2-1/2

[Event "FIDE Zonal 2.5 Open 2019"]
[Site "Montevideo"]
[Date "2019.04.19"]
[Round "9.7"]
[White "Donoso Diaz, Sebastian"]
[Black "Tristan, Leonardo"]
[Result "0-1"]
[ECO "E06"]
[WhiteElo "2191"]
[BlackElo "2504"]
[Annotator "ChessBase"]
[PlyCount "60"]
[EventDate "2019.04.13"]
[EventType "swiss"]
[EventCountry "URU"]
[SourceTitle "playchess.com"]
[Source "ChessBase"]
[SourceQuality "1"]
[TimeControl "40/5400+30:1800+30"]

1. Nf3 d5 2. d4 Nf6 3. c4 e6 4. g3 Be7 5. Bg2 O-O 6. O-O dxc4 7. Qc2 a6 8. a4 Bd7 9. Qxc4 Bc6 10. Bg5 a5 11. Nc3 Ra6 12. Bxf6 Bxf6 13. e4 Rb6 14. Qe2 Bxd4 15. Nb5 Bc5 16. e5 Qd7 17. Rfc1 Na6 18. Rc2 Be7 19. Rd1 Bxb5 20. Rxd7 Bxe2 21. Rxe2 Rd8 22. Rxd8+ Bxd8 23. Rc2 c6 24. Nd2 Nb4 25. Rc3 Nd5 26. Rc2 Rb4 27. b3 Bc7 28. Rc5 Rd4 29. Nc4 Rd1+ 30. Bf1 Rc1 0-1

[Event "FIDE Zonal 2.5 Open 2019"]
[Site "Montevideo"]
[Date "2019.04.19"]
[Round "9.9"]
[White "Real De Azua, Ernesto"]
[Black "Lopez Azambuja, Nicolas"]
[Result "1/2-1/2"]
[ECO "E20"]
[WhiteElo "2474"]
[BlackElo "2328"]
[Annotator "ChessBase"]
[PlyCount "85"]
[EventDate "2019.04.13"]
[EventType "swiss"]
[EventCountry "URU"]
[SourceTitle "playchess.com"]
[Source "ChessBase"]
[SourceQuality "1"]
[TimeControl "40/5400+30:1800+30"]

1. d4 Nf6 2. c4 e6 3. Nc3 Bb4 4. g3 Bxc3+ 5. bxc3 d6 6. Bg2 O-O 7. Nf3 Nc6 8. O-O e5 9. dxe5 Nxe5 10. Nxe5 dxe5 11. Qb3 Re8 12. Rd1 Qe7 13. h3 Rb8 14. Qa4 a6 15. Bg5 Be6 16. Rab1 c6 17. Qb4 Qxb4 18. Rxb4 a5 19. Ra4 Ra8 20. Bxf6 gxf6 21. c5 f5 22. g4 Kg7 23. Rd3 fxg4 24. hxg4 Red8 25. Be4 Rxd3 26. Bxd3 h6 27. f3 Kf6 28. Kf2 Kg5 29. Ke3 Kf6 30. Ra3 Bd5 31. c4 Be6 32. Rb3 Bc8 33. a4 Rb8 34. Be4 Bd7 35. Rb1 Kg7 36. Kd2 Rd8 37. Kc3 Bc8 38. Rh1 Be6 39. Bd3 Bc8 40. Rh5 f6 41. Rh1 Be6 42. Rb1 Bc8 43. Rh1 1/2-1/2

[Event "FIDE Zonal 2.5 Open 2019"]
[Site "Montevideo"]
[Date "2019.04.19"]
[Round "9.10"]
[White "Suarez, Pedro"]
[Black "Michailov, Matias"]
[Result "0-1"]
[ECO "E63"]
[WhiteElo "2019"]
[BlackElo "2264"]
[Annotator "NA"]
[PlyCount "74"]
[EventDate "2019.04.13"]
[EventType "swiss"]
[EventCountry "URU"]
[SourceTitle "playchess.com"]
[Source "ChessBase"]
[SourceQuality "1"]
[TimeControl "40/5400+30:1800+30"]

1. d4 Nf6 2. Nf3 g6 3. g3 Bg7 4. Bg2 O-O 5. O-O d6 6. c4 Nc6 7. Nc3 a6 8. e4 Bg4 9. Be3 Nd7 10. Ne2 Na5 11. Rc1 c5 12. h3 Bxf3 13. Bxf3 Nc6 14. Bg2 Qc7 15. d5 Na5 16. Qd2 b5 17. cxb5 axb5 18. b3 Qb8 19. h4 Ne5 20. Bg5 c4 21. b4 Nb7 22. Nd4 Qe8 23. Rb1 Ra3 24. Qe2 Qd7 25. h5 Rfa8 26. h6 Rxa2 27. Qd1 Bf6 28. Bxf6 exf6 29. Kh2 Ng4+ 30. Kg1 Nxh6 31. Qf3 Kg7 32. Qf4 R8a3 33. Qh4 Rd3 34. Rbd1 Rad2 35. Rxd2 Rxd2 36. Nf3 Rb2 37. Bh3 Qe8 0-1

[Event "FIDE Zonal 2.5 Open 2019"]
[Site "Montevideo"]
[Date "2019.04.19"]
[Round "9.11"]
[White "Carbone, Diego"]
[Black "Belmes, Martin"]
[Result "1-0"]
[ECO "A40"]
[WhiteElo "2277"]
[BlackElo "2081"]
[Annotator "NA"]
[PlyCount "115"]
[EventDate "2019.04.13"]
[EventType "swiss"]
[EventCountry "URU"]
[SourceTitle "playchess.com"]
[Source "ChessBase"]
[SourceQuality "1"]
[TimeControl "40/5400+30:1800+30"]

1. d4 e6 2. c4 Nf6 3. g3 d5 4. Nf3 Bb4+ 5. Bd2 Be7 6. Bg2 O-O 7. O-O Nbd7 8. Qc2 c6 9. Bf4 b6 10. Rd1 Bb7 11. Nbd2 Nh5 12. Ne5 Nxe5 13. dxe5 f5 14. exf6 Bxf6 15. Be3 g6 16. g4 Ng7 17. Ne4 Be7 18. Bh6 Qb8 19. Qc3 Rf7 20. Ng5 Bf6 21. Qe3 d4 22. Qd2 Bxg5 23. Qxg5 c5 24. Bxb7 Qxb7 25. Qe5 Re8 26. b4 Qe7 27. Bg5 Qc7 28. Bf4 Qc6 29. f3 Rd8 30. b5 Qb7 31. a4 a5 32. Rd3 Qc8 33. Qg5 Re8 34. Be5 Qd8 35. Qh6 Qe7 36. Kg2 Ref8 37. h4 Re8 38. Rh1 Ref8 39. Rh3 Ne8 40. Rg3 Ng7 41. Kf1 Rc8 42. Ke1 Rcf8 43. Kd1 Ne8 44. Kc2 Ng7 45. Kb3 Ne8 46. Rh3 Ng7 47. f4 Ne8 48. h5 g5 49. fxg5 Rf1 50. g6 Rb1+ 51. Ka2 Rff1 52. gxh7+ Qxh7 53. Qxe6+ Qf7 54. Qxf7+ Kxf7 55. Rdf3+ Ke6 56. Rxf1 Rxf1 57. h6 Rf2 58. h7 {[%emt 0:01:12] Kd5} 1-0

[Event "FIDE Zonal 2.5 Open 2019"]
[Site "Montevideo"]
[Date "2019.04.19"]
[Round "9.13"]
[White "Adasme Fredes, Mauricio"]
[Black "Coppola, Claudio"]
[Result "1/2-1/2"]
[ECO "A58"]
[WhiteElo "2086"]
[BlackElo "2238"]
[Annotator "NA"]
[PlyCount "80"]
[EventDate "2019.04.13"]
[EventType "swiss"]
[EventCountry "URU"]
[SourceTitle "playchess.com"]
[Source "ChessBase"]
[SourceQuality "1"]
[TimeControl "40/5400+30:1800+30"]

1. d4 Nf6 2. c4 c5 3. d5 b5 4. cxb5 a6 5. bxa6 g6 6. Nc3 Bg7 7. e4 O-O 8. Nf3 Qa5 9. Bd2 Bxa6 10. Bxa6 Qxa6 11. Qe2 e6 12. Qxa6 Nxa6 13. O-O Rfb8 14. Rab1 exd5 15. exd5 Nb4 16. Bf4 Rb6 17. Ne5 Nxa2 18. Nxa2 Rxa2 19. b3 Rba6 20. Bg3 Ra7 21. Nd3 Ne4 22. Rfe1 f5 23. Rbc1 Bd4 24. b4 Nxg3 25. hxg3 cxb4 26. Rc4 Bc3 27. Re7 Ra8 28. Rxd7 Rb8 29. Nc5 Raa8 30. Nd3 Ra1+ 31. Kh2 Rd1 32. Nc5 Re8 33. Na4 Bd2 34. f4 Ra1 35. Rcc7 Rxa4 36. Rg7+ Kh8 37. Rxh7+ Kg8 38. Rcg7+ Kf8 39. Rf7+ Kg8 40. Rfg7+ Kf8 1/2-1/2

[Event "FIDE Zonal 2.5 Open 2019"]
[Site "Montevideo"]
[Date "2019.04.19"]
[Round "9.14"]
[White "Pichuaga, Juan Pablo"]
[Black "Kropff, Ricardo"]
[Result "1/2-1/2"]
[ECO "A46"]
[WhiteElo "2021"]
[BlackElo "2220"]
[Annotator "NA"]
[PlyCount "63"]
[EventDate "2019.04.13"]
[EventType "swiss"]
[EventCountry "URU"]
[SourceTitle "playchess.com"]
[Source "ChessBase"]
[SourceQuality "1"]
[TimeControl "40/5400+30:1800+30"]

1. d4 Nf6 2. Nf3 e6 3. Bf4 c5 4. e3 Be7 5. h3 O-O 6. Bd3 b6 7. O-O Bb7 8. Nbd2 Nc6 9. c3 cxd4 10. exd4 Nd5 11. Bh2 f5 12. Nc4 Rc8 13. Ne3 Nf6 14. d5 Nxd5 15. Nxd5 exd5 16. Bc2 Na5 17. Nd4 g6 18. Nb5 a6 19. Nd6 Bxd6 20. Bxd6 Re8 21. Bb3 Nxb3 22. axb3 Qf6 23. Bf4 d4 24. Qd2 dxc3 25. bxc3 Qxc3 26. Qxd7 Qc6 27. Qxc6 Rxc6 28. Rfe1 Rxe1+ 29. Rxe1 Kf7 30. Bg5 Rc7 31. Bd8 Rd7 32. Bxb6 1/2-1/2

[Event "FIDE Zonal 2.5 Open 2019"]
[Site "Montevideo"]
[Date "2019.04.19"]
[Round "9.17"]
[White "Pinero, Ismael"]
[Black "Restuccia, Francisco"]
[Result "1/2-1/2"]
[ECO "B90"]
[WhiteElo "1872"]
[BlackElo "2100"]
[Annotator "NA"]
[PlyCount "26"]
[EventDate "2019.04.13"]
[EventType "swiss"]
[EventCountry "URU"]
[SourceTitle "playchess.com"]
[Source "ChessBase"]
[SourceQuality "1"]
[TimeControl "40/5400+30:1800+30"]

1. e4 c5 2. Nf3 d6 3. d4 cxd4 4. Nxd4 Nf6 5. Nc3 a6 6. f3 e5 7. Nb3 Be7 8. Be3 Be6 9. Qd2 O-O 10. O-O-O a5 11. Bb5 Na6 12. Kb1 Nc7 13. Bb6 Qb8 1/2-1/2

[Event "FIDE Zonal 2.5 Open 2019"]
[Site "Montevideo"]
[Date "2019.04.19"]
[Round "9.18"]
[White "Manteiga, Franco"]
[Black "Rodriguez Farias, Eduardo"]
[Result "1-0"]
[ECO "E91"]
[WhiteElo "1684"]
[BlackElo "1898"]
[Annotator "NA"]
[PlyCount "155"]
[EventDate "2019.04.13"]
[EventType "swiss"]
[EventCountry "URU"]
[SourceTitle "playchess.com"]
[Source "ChessBase"]
[SourceQuality "1"]
[TimeControl "40/5400+30:1800+30"]

1. d4 Nf6 2. Nf3 g6 3. c4 Bg7 4. Nc3 O-O 5. e4 d6 6. Be2 Qe8 7. O-O e5 8. d5 a5 9. b3 Na6 10. a3 Nc5 11. Nd2 Bh6 12. Qc2 Qe7 13. Rb1 Ne8 14. b4 axb4 15. axb4 Na6 16. Qa2 c6 17. Qb3 c5 18. bxc5 Nxc5 19. Qb4 f5 20. f3 Be3+ 21. Kh1 f4 22. Nb3 Na6 23. Qa3 Nac7 24. Qb4 Na6 25. Qa3 Ba7 26. Nb5 Bb8 27. Bd2 Nac7 28. Qb4 Nxb5 29. cxb5 Qh4 30. Rbc1 Bd7 31. Na5 g5 32. Be1 Qh5 33. Nxb7 Rf6 34. Bf2 Rh6 35. Bg1 Ra2 36. Bd1 Bh3 37. Rc2 Rxc2 38. Bxc2 Bc8 39. Nd8 Bc7 40. b6 Bxd8 41. b7 Bxb7 42. Qxb7 Qf7 43. Qxf7+ Kxf7 44. Rb1 Rg6 45. Rb7+ Be7 46. Bb6 Kf8 47. Ba4 Nf6 48. Rb8+ Kf7 49. Rb7 Kf8 50. Bc6 g4 51. Rb8+ Kf7 52. Bd8 Rg8 53. Bc7 Rg6 54. Rb7 Kf8 55. Rb2 Kf7 56. Ba5 Rg8 57. Rb7 h6 58. Rc7 h5 59. Rb7 Rc8 60. Bb6 Kf8 61. Ba7 Kf7 62. Kg1 g3 63. h3 Ne8 64. Bb8 Kf8 65. Kf1 Nf6 66. Ba7 Kf7 67. Ke2 Kf8 68. Rb8 Rxb8 69. Bxb8 Kf7 70. Kd3 Kf8 71. Kc4 Kf7 72. Kb5 Kf8 73. Bc7 Kf7 74. Ka6 Ne8 75. Bb6 Kf8 76. Kb7 Kf7 77. Bxe8+ Kxe8 78. Kc6 1-0

[Event "FIDE Zonal 2.5 Open 2019"]
[Site "Montevideo"]
[Date "2019.04.19"]
[Round "9.19"]
[White "Jodorcovsky Werjivker, Paulo"]
[Black "El Ters, Antouan"]
[Result "1/2-1/2"]
[ECO "D35"]
[WhiteElo "2257"]
[BlackElo "2181"]
[Annotator "NA"]
[PlyCount "116"]
[EventDate "2019.04.13"]
[EventType "swiss"]
[EventCountry "URU"]
[SourceTitle "playchess.com"]
[Source "ChessBase"]
[SourceQuality "1"]
[TimeControl "40/5400+30:1800+30"]

1. d4 Nf6 2. c4 e6 3. Nc3 d5 4. cxd5 exd5 5. Bg5 Be7 6. e3 Nbd7 7. Bd3 O-O 8. Nge2 Re8 9. O-O Nf8 10. b4 Ne6 11. Bxf6 Bxf6 12. b5 c6 13. bxc6 bxc6 14. Rb1 Qd6 15. Qc2 g6 16. Na4 Bd8 17. Rfc1 Bc7 18. Ng3 Bd7 19. Rb7 f5 20. Nc5 Bc8 21. Rb3 f4 22. Nf1 fxe3 23. fxe3 Nd8 24. Na6 Bb6 25. a4 Rf8 26. Qd2 Ne6 27. a5 Bd8 28. Qc2 Bd7 29. Bxg6 Ng5 30. Bd3 Bxa5 31. Qc5 Qf6 32. Rb2 Bb6 33. Qc2 Rae8 34. Nc5 Bc8 35. Na4 Bd7 36. Nxb6 axb6 37. Rxb6 Re7 38. Rb7 Ref7 39. Ng3 Qe6 40. Re1 Kh8 41. Rb2 Qg4 42. Qe2 Qe6 43. Nh5 Ne4 44. Bxe4 Qxe4 45. Ng3 Qe7 46. e4 Qh4 47. Rd2 dxe4 48. Qxe4 Re8 49. Qb1 Ref8 50. d5 cxd5 51. Rxd5 Bc6 52. Rd2 Qg5 53. Qb2+ Kg8 54. Qc3 Bb7 55. Qe3 Qg6 56. Red1 Qc6 57. Rd5 Kh8 58. Qd4+ Rf6 1/2-1/2

[Event "FIDE Zonal 2.5 Open 2019"]
[Site "Montevideo"]
[Date "2019.04.19"]
[Round "9.20"]
[White "Gaye, Gustavo"]
[Black "Palacio, Enzo"]
[Result "1-0"]
[ECO "A00"]
[WhiteElo "2000"]
[BlackElo "1745"]
[Annotator "NA"]
[PlyCount "167"]
[EventDate "2019.04.13"]
[EventType "swiss"]
[EventCountry "URU"]
[SourceTitle "playchess.com"]
[Source "ChessBase"]
[SourceQuality "1"]
[TimeControl "40/5400+30:1800+30"]

1. g3 g6 2. Bg2 Bg7 3. c4 d6 4. Nc3 Nf6 5. d3 O-O 6. e3 c6 7. Nge2 e5 8. O-O Be6 9. Rb1 a5 10. b3 Qd7 11. Na4 Ra6 12. Bb2 Bh3 13. d4 Bxg2 14. Kxg2 e4 15. Nac3 d5 16. Ba3 Re8 17. Na4 Qg4 18. Nec3 Qxd1 19. Rfxd1 Nbd7 20. Rdc1 Bf8 21. Bxf8 Kxf8 22. cxd5 cxd5 23. Nb5 Rc6 24. Rxc6 bxc6 25. Na7 Nb8 26. Rc1 Nfd7 27. Rc3 Re6 28. Nc5 Nxc5 29. Rxc5 a4 30. bxa4 Ke8 31. Nb5 cxb5 32. Rc8+ Kd7 33. Rxb8 bxa4 34. Ra8 Rb6 35. Rxa4 Rb2 36. Ra5 Ke6 37. a4 Ra2 38. Ra7 f5 39. h4 h6 40. Ra6+ Kf7 41. Rd6 Rxa4 42. Rxd5 h5 43. Rd6 Ra1 44. Rc6 Rd1 45. Rc2 Ke6 46. f3 exf3+ 47. Kxf3 Rf1+ 48. Rf2 Rg1 49. Kf4 Kf6 50. e4 fxe4 51. Kxe4+ Ke6 52. d5+ Ke7 53. Rf3 Re1+ 54. Kd4 Rd1+ 55. Rd3 Ra1 56. Re3+ Kd7 57. Ke5 Ra4 58. Re4 Ra3 59. Kf4 Rd3 60. Re5 Rd4+ 61. Ke3 Ra4 62. Re6 Rg4 63. Kf3 g5 64. Re4 gxh4 65. gxh4 Rg6 66. Re5 Rh6 67. Ke4 Kd6 68. Rg5 Ke7 69. Ke5 Rh7 70. Kf5 Rh6 71. Rg7+ Ke8 72. Rg6 Rh7 73. Kg5 Re7 74. Kxh5 Rd7 75. d6 Kf7 76. Kh6 Rd8 77. Kg5 Ra8 78. Rf6+ Kg7 79. d7 Kh7 80. Rd6 Rd8 81. Kf6 Rf8+ 82. Ke7 Kg7 83. Rg6+ Kxg6 84. Kxf8 1-0

[Event "FIDE Zonal 2.5 Open 2019"]
[Site "Montevideo"]
[Date "2019.04.19"]
[Round "9.21"]
[White "Curia, Santiago Jose"]
[Black "Reolon, Victor"]
[Result "1/2-1/2"]
[ECO "B01"]
[WhiteElo "1989"]
[BlackElo "1659"]
[Annotator "NA"]
[PlyCount "23"]
[EventDate "2019.04.13"]
[EventType "swiss"]
[EventCountry "URU"]
[SourceTitle "playchess.com"]
[Source "ChessBase"]
[SourceQuality "1"]
[TimeControl "40/5400+30:1800+30"]

1. e4 d5 2. exd5 Qxd5 3. Nc3 Qa5 4. d4 Nf6 5. Bd2 c6 6. Bc4 Bg4 7. Nf3 e6 8. h3 Bh5 9. O-O Qc7 10. Re1 Be7 11. Qe2 Nd5 12. Qe5 1/2-1/2